 Dungeon Crawl Stone Soup version 0.29.0-11-gd7f09526c8 (webtiles) character file.

Game seed: 8831475711448722641

363 Pooter the Chopper (level 6, -2/57 HPs)
             Began as a Minotaur Berserker on Sept 7, 2022.
             Was a Believer of Trog.
             Slain by a centaur (5 damage)
             ... on level 5 of the Dungeon.
             The game lasted 00:09:02 (1897 turns).

Pooter the Chopper (Minotaur Berserker)             Turns: 1897, Time: 00:09:03

Health: -2/57      AC:  5    Str: 23    XL:     6   Next: 39%
Magic:  5/5        EV: 12    Int:  4    God:    Trog [**....]
Gold:   150        SH:  0    Dex: 10    Spells: 5/5 levels left

rFire   + . .      SeeInvis .   a - +4 quarterstaff (chaos)
rCold   . . .      Faith    .   (shield currently unavailable)
rNeg    . . .      Spirit   .   i - +0 animal skin
rPois   .          Reflect  .   (helmet restricted)
rElec   .          Harm     .   s - +2 cloak
rCorr   .          Rampage  .   (no gloves)
Will    ++...                   (no boots)
Stlth   +.........              (no amulet)
HPRegen 1.19/turn               F - ring of protection from fire
MPRegen 0.09/turn               z - +4 ring of slaying

@: strong-willed, on berserk cooldown, regenerating, slowed, very slow
A: horns 2, retaliatory headbutt
a: Renounce Religion, Berserk, Trog's Hand


You were on level 5 of the Dungeon.
You worshipped Trog.
Trog was pleased with you.
You visited 1 branch of the dungeon, and saw 5 of its levels.

You collected 150 gold pieces.

Inventory:

Hand Weapons
 a - a +4 quarterstaff of chaos (weapon)
   (You took it off Crazy Yiuf on level 2 of the Dungeon)
 b - a +0 shortbow
   (You took it off a centaur on level 6 of the Dungeon)
 u - a +0 hand axe
 y - a +0 sling
   (You found it on level 3 of the Dungeon)
Missiles
 k - 6 poisoned darts
 Q - 19 stones (quivered)
Armour
 i - a +0 animal skin (worn)
 q - a +0 tower shield
   (You found it on level 2 of the Dungeon)
 s - a +2 cloak (worn)
   (You took it off Crazy Yiuf on level 2 of the Dungeon)
Jewellery
 z - a +4 ring of slaying (right hand)
   (You found it on level 5 of the Dungeon)
 F - a ring of protection from fire (left hand)
   (You found it on level 6 of the Dungeon)
Wands
 f - a wand of flame (26)
   (You found it on level 6 of the Dungeon)
Scrolls
 e - a scroll of blinking {unknown}
 j - a scroll of torment {unknown}
 m - 2 scrolls of vulnerability {!r}
 n - a scroll of poison {unknown}
 p - a scroll of enchant weapon
 t - 2 scrolls of teleportation {@r4}
 v - a scroll of magic mapping {unknown}
Potions
 c - a potion of magic {unknown}
 d - a potion of heal wounds {unknown}
 g - 2 potions of curing {unknown}
 h - a potion of cancellation {unknown}
 l - a potion of attraction {unknown}
 o - 2 potions of might {unknown}
 r - a potion of lignification {unknown}
 w - 3 potions of degeneration {unknown}
 x - a potion of flight {unknown}


   Skills:
 + Level 5.7 Fighting
 * Level 7.4 Axes
 * Level 0.1 Ranged Weapons
 - Level 2.4 Armour
 - Level 2.1 Dodging


You had 5 spell levels left.
You didn't know any spells.
Your spell library was empty.

Dungeon Overview and Level Annotations

Branches:
Dungeon (6/15)
 Temple: D:4-7

Altars:


Innate Abilities, Weirdness & Mutations

You have a pair of horns on your head.
You reflexively headbutt those who attack you in melee.


Message History

There is a stone staircase leading up here.
You climb upwards.
There is a stone staircase leading down here.
b - a +0 shortbow (weapon)
Found a small coral ring.
Found a scroll of vulnerability.
z - a +4 ring of slaying
z - a +4 ring of slaying (right hand)
Found a buckler.
m - 2 scrolls of vulnerability {!r} (gained 1)
A centaur comes into view.
The centaur wields a +0 shortbow.
The centaur shoots an arrow.
The arrow barely misses you.
The centaur shoots an arrow.
The arrow barely misses you.
You shoot an arrow.
The arrow hits the centaur but does no damage.
The centaur shoots an arrow.
The arrow hits you!
You shoot an arrow. The arrow closely misses the centaur.
The centaur shoots an arrow.
The arrow hits you!
The centaur shoots an arrow.
The arrow barely misses you.
You shoot an arrow. The arrow hits the centaur.
The centaur shoots an arrow.
The arrow barely misses you.
The centaur shoots an arrow.
The arrow hits you!
You are too injured to fight recklessly!
Unknown command.
Your skin crawls.
You feel strong-willed.
The centaur shoots an arrow.
The arrow hits you!
* * * LOW HITPOINT WARNING * * *
The centaur shoots an arrow.
The arrow hits you!
* * * LOW HITPOINT WARNING * * *
Okay, then.
Your +4 quarterstaff of chaos is briefly surrounded by a scintillating aura of random colours.
a - a +4 quarterstaff of chaos (weapon)
Okay, then.
A red film seems to cover your vision as you go berserk!
You feel yourself moving faster!
You feel mighty!
You feel a strong urge to attack something.
The centaur shoots an arrow.
The arrow closely misses you.
Found a stone staircase leading down.
The centaur shoots an arrow.
The arrow hits you.
* * * LOW HITPOINT WARNING * * *
Found a scroll labelled QAIREORIES and a lumpy brown potion.
You feel your anger nearly subside.
The centaur shoots an arrow.
The arrow hits you!
* * * LOW HITPOINT WARNING * * *
You are no longer berserk.
You are exhausted.
You feel yourself slow down.
The centaur unwields a +0 shortbow.
The centaur hits you.
You die...

..##...........
.....!.........#
..........>....#
#..............#
#..............#
#..............#
#.............?#
#.......@c.....#
#..............#
#..............#
#..............#
#..............#
#..............#
##.[............#
................###
.########..........


You could see a centaur.

Vanquished Creatures
  Grinder (D:6)
  A centaur (D:6)
  Crazy Yiuf (D:2)
  An adder (D:3)
  A white imp (D:6)
  2 dart slugs
  2 ball pythons
  3 bats
  2 endoplasms (D:3)
  3 giant cockroaches
  4 goblins
  3 hobgoblins
  2 jackals (D:1)
  A quokka (D:2)
  A frilled lizard (D:1)
  8 kobolds
  21 rats
57 creatures vanquished.

Notes
Turn   | Place    | Note
-------+----------+-------------------------------------------
     0 | D:1      | Pooter the Minotaur Berserker began the quest for the Orb.
     0 | D:1      | Reached XP level 1. HP: 19/19 MP: 0/0
    92 | D:1      | Reached skill level 4 in Axes
    98 | D:1      | Reached XP level 2. HP: 24/27 MP: 1/1
   601 | D:2      | Reached XP level 3. HP: 32/33 MP: 2/2
   601 | D:2      | Reached ** piety under Trog
   821 | D:2      | Found a runed translucent door.
   822 | D:2      | Noticed Crazy Yiuf
   930 | D:2      | Reached skill level 5 in Axes
  1238 | D:2      | Killed Crazy Yiuf
  1239 | D:2      | Reached XP level 4. HP: 41/41 MP: 3/3
  1511 | D:3      | You fall into a shaft and drop 3 floors!
  1536 | D:6      | Noticed Grinder
  1544 | D:6      | Killed Grinder
  1545 | D:6      | Reached skill level 5 in Fighting
  1545 | D:6      | Reached skill level 7 in Axes
  1545 | D:6      | Reached XP level 5. HP: 48/48 MP: 4/4
  1545 | D:6      | Reached XP level 6. HP: 56/56 MP: 5/5
  1863 | D:5      | Entered Level 5 of the Dungeon
  1896 | D:5      | HP: 4/85 [centaur/arrow (9)]
  1897 | D:5      | Slain by a centaur

Illustrated notes

Levels and vault maps discovered:
D:1:      minmay_arrival_up_and_down, layout_rooms
D:2:      layout_loops_ring, st_stairs_2, minmay_rat_hole,
          uniq_crazy_yiuf_cottage
D:3:      layout_rooms, dreamdust_ecumenical_altar_angels_and_demons
D:5:      layout_basic, serial_shops, nicolae_shop_stone,
          minmay_misc_feat_square
D:6:      layout_rooms, gup_sewer_entry_pipe, uniq_grinder

Skill      XL: |  1  2  3  4 |
---------------+-------------+-----
Axes           | 4 5 7 |  7.4
Fighting       | 4 5 |  5.7
Ranged Weapons | |  0.1
Armour         | |  2.4
Dodging        | |  2.1

Action                   |  1- 3 |  4- 6 || total
-------------------------+-------+-------++-------
Melee: Hand axe          |    62 |       ||    62
       Headbutt          |    14 |     4 ||    18
       Quarterstaff      |       |    23 ||    23
 Fire: Sling             |       |     9 ||     9
       Shortbow          |       |     3 ||     3
Invok: Berserk           |     1 |     2 ||     3
       Trog's Hand       |     1 |     2 ||     3
  Use: Scroll            |     1 |     2 ||     3
Armor: Animal skin       |     6 |     9 ||    15
Dodge: Dodged            |    35 |    21 ||    56
Block: Tower shield      |     5 |       ||     5
